 Dungeon Crawl Stone Soup version 0.24.0-1-gfbc8707 (webtiles) character file.

Game seed: 7960336170166483751, levelgen mode: deterministic

12992 silenth the Cleaver (level 11, -15/99 HPs)
             Began as a Minotaur Fighter on Oct 26, 2019.
             Was an Elder of Nemelex Xobeh.
             Demolished by a death scarab (22 damage)
             ... in a Gauntlet.
             The game lasted 00:20:04 (9564 turns).

silenth the Cleaver (Minotaur Fighter)              Turns: 9564, Time: 00:20:04

Health: -15/99     AC:  7    Str: 24    XL:     11   Next: 69%
Magic:  0/14       EV: 13    Int:  5    God:    Nemelex Xobeh [****..]
Gold:   640        SH:  0    Dex: 15    Spells: 10/10 levels left

rFire    . . .     SeeInvis .   b - +0 dire flail
rCold    . . .     Gourm    .   (shield currently unavailable)
rNeg     . . .     Faith    .   d - +0 troll leather armour {Purgy}
rPois    .         Spirit   +   (helmet restricted)
rElec    .         Reflect  .   j - +1 cloak
rCorr    .         Harm     .   (no gloves)
MR       .....     NoTele   +   (no boots)
Stlth    +.........             q - amulet of guardian spirit
HPRegen  0.66/turn              o - +2 ring of dexterity
MPRegen  0.14/turn              V - +3 ring of strength

@: berserk cooldown, very slightly contaminated, slowed, lightly drained, very
slow
A: retaliatory headbutt, horns 2
a: Draw Escape, Draw Destruction, Draw Summoning, Triple Draw, Deal Four,
Renounce Religion


You were in a Gauntlet.
You worshipped Nemelex Xobeh.
Nemelex Xobeh was greatly pleased with you.
You were not hungry.

You visited 2 branches of the dungeon, and saw 12 of its levels.
You also visited: Sewer, Ossuary and Gauntlet.

You collected 640 gold pieces.

Inventory:

Hand Weapons
 a - a +4 vampiric executioner's axe
 b - a +0 dire flail (weapon)
Missiles
 g - 3 throwing nets (quivered)
Armour
 d - a +0 troll leather armour (worn) {Purgy}
 j - a +1 cloak (worn)
Jewellery
 c - an uncursed ring of magical power
 o - a +2 ring of dexterity (left hand)
 q - an amulet of guardian spirit (around neck)
 A - an uncursed ring of see invisible
 M - an uncursed ring of flight
 N - an uncursed ring of ice
 V - a +3 ring of strength (right hand)
 Y - the amulet of Futez {Reflect -Tele Dex+7 SH+6}
   (You found it on level 10 of the Dungeon)

   [amulet of reflection]

   It shields you and reflects attacks.
   It affects your dexterity (+7).
   It prevents most forms of teleportation.
   It affects your SH (+6).
Wands
 u - a wand of disintegration (15)
 E - a wand of iceblast (18)
 O - a wand of flame (20)
 P - a wand of digging (4)
 Q - a wand of acid (6)
 X - a wand of polymorph (11)
Scrolls
 k - 9 scrolls of teleportation
 r - 3 scrolls of remove curse
 t - 2 scrolls of fog
 B - a scroll of immolation
 D - a scroll of fear
 I - 2 scrolls of blinking
 J - a scroll of magic mapping
Potions
 n - 2 potions of mutation
 p - a potion of agility
 s - 5 potions of heal wounds {unknown}
 v - a potion of cancellation
 x - 3 potions of haste
 z - 2 potions of curing
 C - 2 potions of magic {unknown}
 F - 3 potions of berserk rage
 G - 2 potions of ambrosia
 H - a potion of might
 K - a potion of resistance
 L - 3 potions of degeneration {unknown}
 S - a potion of flight
Comestibles
 e - 10 rations


   Skills:
 - Level 9.9(9.3) Fighting
 * Level 13.0(14.1) Axes
 - Level 12.3(13.8) Maces & Flails
 - Level 5.0(4.5) Armour
 - Level 3.0(2.5) Dodging
   Level 3.6(3.1) Shields
 - Level 6.1(5.5) Invocations
 - Level 2.4(1.9) Evocations


You had 10 spell levels left.
You didn't know any spells.
Your spell library contained the following spells:

 Spells                   Type           Power        Failure   Level  Hunger
 Corona                   Hex            #......      52%         1    ##.....
 Slow                     Hex            #.......     65%         2    ###....
 Inner Flame              Hex/Fire       #.......     87%         3    ####...
 Portal Projectile        Hex/Tloc       #.....       87%         3    ####...
 Cause Fear               Hex            #.........   99%         4    #####..
 Leda's Liquefaction      Hex/Erth       #.........   99%         4    #####..


Dungeon Overview and Level Annotations

Branches:
Dungeon (11/15)            Temple (1/1) D:5            Lair (0/6) D:8
    Orc (0/2) D:10          Sewer (visited)         Ossuary (visited)
Gauntlet (1/1)

Altars:
Ashenzari
Cheibriados
Dithmenos
Elyvilon
Fedhas
Gozag
Hepliaklqana
Kikubaaqudgha
Makhleb
Nemelex Xobeh
Okawaru
Qazlal
Ru
Sif Muna
Trog
Uskayaw
Vehumet
Wu Jian
Xom
Yredelemnul
Zin
The Shining One

Annotations:
D:10 5 runed translucent doors Gauntlet 13 transporters, 21 runed translucent doors


Innate Abilities, Weirdness & Mutations

You reflexively headbutt those who attack you in melee.
You have a pair of horns on your head.


Message History

You feel your anger nearly subside.
You are no longer berserk.
You are exhausted.
You feel as though you will be slow longer.
You flicker for a moment.
A death scarab is nearby!
Silenth's illusion is no longer moving slowly.
Silenth's illusion disappears in a puff of smoke!
You flicker back into view.
The queen bee buzzes angrily.
The killer bee buzzes angrily.
The killer bee buzzes angrily.
The death scarab bites you!!
* * * LOW HITPOINT WARNING * * *
The death scarab drains your vigour!
You feel as though you will be slow longer.
The death scarab draws strength from your injuries!
The death scarab bites you!!
You die...
Your body glows slightly and disappears.

▒▒▒..▒.▒J.......?▒...▒▓°P▓.
▒8▒..▒.▒.........▒...▒$○▓..
▒▒▒▒▒▒▒▒▒..▒.▒.........▒...▒h▓E○▓
▒8▒........▒.▒▒▒▒▒▒▒▒▒▒▒...▒▒▒▒▒▒
▒▒▒........▒.▒...........≈.......
.....▒▒▒▒▒▒▒.▒▒▒▒▒▒▒....≈8≈....▒▒
.....▒©...........©▒.....§.....▒©
.▒▒▒▒▒▒▒▒▒▒▒▒▒▒▒▒▒▒▒▒▒▒▒...▒▒▒▒▒▒
.▒..!.©[.yy▒.▒..@s©!...▒...▒...?©
.▒yy......y▒.▒...▒.▒...▒...▒.#^..
.▒yy▒+++▒.y▒.▒....▒....▒...▒.##..
.▒++▒...▒++▒.▒.▒..▒..▒.▒...▒h^##▒
.▒..+...+..▒.▒.▒▒▒▒▒▒▒.▒...▒J.§.©
.▒..+...+..▒.▒.▒..▒©.▒.▒...▒O.##^
.▒++▒+▒+▒++▒.▒....▒....▒...▒.##..
.▒..+...+..▒.▒...▒▒▒...▒...▒^#.h.
.▒..+.©.+..▒.▒.........▒...▒..h..


You could see a queen bee, a death scarab and 3 killer bees.

Vanquished Creatures
  Erica (D:8)
  A two-headed ogre (D:11)
  An unseen horror (D:10)
  A troll (D:10)
  4 hippogriffs
  2 hornets (Gauntlet)
  A spriggan (D:10)
  2 meliai zombies (D:11)
  A spectral black mamba (Gauntlet)
  11 yaks
  2 wyverns
  A soldier ant (D:9)
  2 water moccasins
  9 orc warriors
  3 sky beasts
  4 ice beasts
  2 hornet zombies
  2 phantoms
  2 black bears
  Purgy (Sewer)
  7 necrophages
  5 centaurs
  A crocodile (D:7)
  2 ogres
  A big kobold (D:10)
  3 bullfrogs
  A gnoll sergeant (D:9)
  A scorpion (D:7)
  14 killer bees
  4 howler monkeys
  6 wights
  6 crimson imps
  A quasit (D:8)
  8 orc priests
  3 jellies
  3 centaur skeletons
  8 hounds
  19 orc wizards
  2 bullfrog skeletons
  6 worker ants
  6 big kobold zombies (Ossuary)
  A hound zombie (D:9)
  2 hound skeletons
  3 mummies
  A worker ant zombie (D:7)
  4 gnolls (D:9)
  12 adders
  2 shadow imps (D:5)
  2 adder zombies
  An adder skeleton (D:4)
  4 worms
  3 leopard geckos
  67 orcs
  A spectral bat (Ossuary)
  5 giant cockroaches
  6 gnoll zombies (Ossuary)
  8 goblins
  14 hobgoblins
  20 jackals
  6 quokkas
  7 ball pythons
  8 bats
  8 bat simulacra (Ossuary)
  14 frilled lizards
  2 goblin simulacra (Ossuary)
  3 goblin zombies (Ossuary)
  6 hobgoblin zombies (Ossuary)
  9 kobolds
  3 kobold simulacra (Ossuary)
  4 kobold zombies (Ossuary)
  5 orc zombies (Ossuary)
  A quokka skeleton (D:7)
  2 quokka zombies (D:5)
  14 rats
  3 rat simulacra (Ossuary)
  5 spectral goblins (Ossuary)
  2 spectral kobolds (Ossuary)
  3 spectral rats (Ossuary)
421 creatures vanquished.

Vanquished Creatures (collateral kills)
  Maurice (D:8)
1 creature vanquished.

Vanquished Creatures (others)
  An orc wizard (D:7)
  A ball lightning (D:7)
  An orc (D:11)
  12 demonic plants (Gauntlet)
  2 withered plants (D:7)
17 creatures vanquished.

Grand Total: 439 creatures vanquished

Notes
Turn   | Place    | Note
-------+----------+-------------------------------------------
     0 | D:1      | silenth the Minotaur Fighter began the quest for the Orb.
     0 | D:1      | Reached XP level 1. HP: 19/19 MP: 0/0
   220 | D:1      | Reached skill level 3 in Maces & Flails
   234 | D:1      | Reached XP level 2. HP: 27/27 MP: 1/1
   394 | D:1      | Reached skill level 4 in Fighting
   757 | D:2      | Reached XP level 3. HP: 28/33 MP: 2/2
   785 | D:2      | Reached skill level 4 in Maces & Flails
   785 | D:2      | Reached XP level 4. HP: 35/41 MP: 3/3
   972 | D:2      | Reached skill level 5 in Maces & Flails
  1440 | D:3      | Found a shadowy altar of Dithmenos.
  1440 | D:3      | Found a basalt altar of Yredelemnul.
  1441 | D:3      | Found a blossoming altar of Fedhas.
  1443 | D:3      | Found a shimmering blue altar of Sif Muna.
  1444 | D:3      | Found an ancient bone altar of Kikubaaqudgha.
  1445 | D:3      | Found a stormy altar of Qazlal.
  1562 | D:3      | Reached XP level 5. HP: 47/47 MP: 4/4
  1572 | D:3      | Found a glowing drain.
  1591 | Sewer    | Entered a sewer
  1614 | Sewer    | Noticed Purgy
  1622 | Sewer    | Killed Purgy
  1622 | Sewer    | Reached skill level 5 in Fighting
  1622 | Sewer    | Reached skill level 6 in Maces & Flails
  1770 | D:3      | Noticed an ogre
  1776 | D:3      | Killed an ogre
  1776 | D:3      | Reached XP level 6. HP: 51/56 MP: 5/5
  2341 | D:3      | Found a glowing silver altar of Zin.
  2512 | D:4      | Reached skill level 7 in Maces & Flails
  2604 | D:4      | Reached skill level 6 in Fighting
  2727 | D:4      | Reached XP level 7. HP: 63/63 MP: 6/6
  3326 | D:4      | Reached skill level 8 in Maces & Flails
  3333 | D:5      | Entered Level 5 of the Dungeon
  3368 | D:5      | Found a staircase to the Ecumenical Temple.
  3382 | Temple   | Entered the Ecumenical Temple
  3440 | Temple   | Became a worshipper of Nemelex Xobeh the Trickster
  3478 | D:5      | Received a gift from Nemelex Xobeh
  3563 | D:5      | Reached skill level 1 in Invocations
  3610 | D:5      | Reached skill level 7 in Fighting
  3654 | D:5      | Reached skill level 9 in Maces & Flails
  3656 | D:5      | Reached skill level 2 in Invocations
  3656 | D:5      | Reached XP level 8. HP: 31/73 MP: 1/8
  3697 | D:5      | Found a sand-covered staircase.
  3745 | Ossuary  | Entered an ossuary
  4157 | Ossuary  | Reached skill level 3 in Invocations
  4267 | D:5      | Reached skill level 10 in Maces & Flails
  4344 | D:5      | Reached * piety under Nemelex Xobeh
  4707 | D:6      | Reached skill level 8 in Fighting
  4711 | D:6      | Found a snail-covered altar of Cheibriados.
  5095 | D:6      | Reached skill level 1 in Dodging
  5097 | D:6      | Reached skill level 4 in Armour
  5097 | D:6      | Reached skill level 4 in Invocations
  5097 | D:6      | Reached XP level 9. HP: 72/81 MP: 7/11
  5327 | D:7      | Reached skill level 11 in Maces & Flails
  5332 | D:7      | Reached skill level 2 in Dodging
  5443 | D:7      | Reached skill level 5 in Armour
  5466 | D:7      | Reached skill level 3 in Dodging
  5485 | D:7      | Reached skill level 9 in Fighting
  5489 | D:7      | Reached skill level 5 in Invocations
  5669 | D:7      | Reached skill level 12 in Maces & Flails
  5733 | D:7      | Reached ** piety under Nemelex Xobeh
  6076 | D:8      | Received a gift from Nemelex Xobeh
  6099 | D:8      | Found a hide-covered altar of Uskayaw.
  6121 | D:8      | Found a staircase to the Lair.
  6191 | D:8      | Reached XP level 10. HP: 53/91 MP: 7/13
  6193 | D:8      | Noticed Maurice
  6220 | D:8      | Killed Maurice
  6348 | D:8      | Noticed Erica
  6367 | D:8      | Killed Erica
  6367 | D:8      | Reached skill level 3 in Axes
  6454 | D:8      | Reached skill level 6 in Invocations
  6595 | D:8      | Received a gift from Nemelex Xobeh
  6854 | D:8      | Reached skill level 4 in Axes
  7001 | D:9      | Identified a scroll of acquirement
  7049 | D:9      | Reached skill level 5 in Axes
  7111 | D:9      | Reached *** piety under Nemelex Xobeh
  7154 | D:9      | Reached skill level 6 in Axes
  7267 | D:9      | Found a sacrificial altar of Ru.
  7327 | D:9      | Reached skill level 7 in Axes
  7515 | D:9      | Reached skill level 8 in Axes
  7576 | D:10     | Entered Level 10 of the Dungeon
  7586 | D:10     | Got a brightly glowing ruby amulet
  7589 | D:10     | Found a runed translucent door.
  7600 | D:10     | Reached skill level 9 in Axes
  7607 | D:10     | Found a runed translucent gate.
  7677 | D:10     | Found the +9 staff of Olgreb {rPois}
  7680 | D:10     | Found a runed translucent door.
  7703 | D:10     | Found a runed translucent gate.
  7703 | D:10     | Found a runed translucent gate.
  7704 | D:10     | Noticed an unseen horror
  7714 | D:10     | Killed an unseen horror
  7714 | D:10     | Reached XP level 11. HP: 78/98 MP: 11/14
  7733 | D:10     | Reached skill level 10 in Axes
  7828 | D:10     | Received a gift from Nemelex Xobeh
  8280 | D:10     | Identified the amulet of Futez {Reflect -Tele Dex+7 SH+6}
                  | (You found it on level 10 of the Dungeon)
  8337 | D:10     | Reached skill level 1 in Evocations
  8430 | D:10     | Received a gift from Nemelex Xobeh
  8487 | D:10     | Found a staircase to the Orcish Mines.
  8581 | D:10     | Reached skill level 11 in Axes
  8853 | D:11     | Reached **** piety under Nemelex Xobeh
  8853 | D:11     | Noticed a two-headed ogre
  8858 | D:11     | Killed a two-headed ogre
  8858 | D:11     | Reached skill level 2 in Evocations
  8897 | D:11     | Reached skill level 12 in Axes
  8936 | D:11     | Found a gate leading to a gauntlet.
  8940 | D:11     | HP: 7/98 [meliai zombie (6)]
  8943 | D:11     | HP: 2/99 [centaur/arrow (5)]
  9112 | Gauntlet | Entered a Gauntlet
  9112 | Gauntlet | Found a transporter.
  9112 | Gauntlet | Found a transporter.
  9116 | Gauntlet | Found a transporter.
  9146 | Gauntlet | Found a transporter.
  9146 | Gauntlet | Noticed a death ooze
  9150 | Gauntlet | Found a transporter.
  9150 | Gauntlet | Found a transporter.
  9174 | Gauntlet | Found a transporter.
  9175 | Gauntlet | Noticed a death scarab
  9181 | Gauntlet | Found a transporter.
  9193 | Gauntlet | Found a transporter.
  9202 | Gauntlet | Found a transporter.
  9208 | Gauntlet | Noticed a fire crab
  9208 | Gauntlet | a manticore changed into a fire crab
  9210 | Gauntlet | a fire crab changed into a floating eye
  9211 | Gauntlet | Found a transporter.
  9215 | Gauntlet | Found a large runed translucent door.
  9251 | Gauntlet | Found a transporter.
  9253 | Gauntlet | Found a large runed translucent door.
  9253 | Gauntlet | Found a large runed translucent door.
  9254 | Gauntlet | Found a large runed translucent door.
  9254 | Gauntlet | Found a large runed translucent door.
  9255 | Gauntlet | Found a large runed translucent door.
  9255 | Gauntlet | Found a runed translucent door.
  9255 | Gauntlet | Found a runed translucent door.
  9255 | Gauntlet | Found a large runed translucent door.
  9255 | Gauntlet | Found a large runed translucent door.
  9256 | Gauntlet | Found a large runed translucent door.
  9256 | Gauntlet | Found a large runed translucent door.
  9259 | Gauntlet | Found a large runed translucent door.
  9259 | Gauntlet | Found a large runed translucent door.
  9261 | Gauntlet | Found a large runed translucent door.
  9261 | Gauntlet | Found a large runed translucent door.
  9261 | Gauntlet | Found a large runed translucent door.
  9263 | Gauntlet | Found a runed translucent gate.
  9263 | Gauntlet | Found a runed translucent gate.
  9263 | Gauntlet | Found a runed translucent gate.
  9265 | Gauntlet | Found a transporter.
  9276 | Gauntlet | Found a large runed translucent door.
  9348 | Gauntlet | Found a transporter.
  9363 | Gauntlet | Found a transporter.
  9384 | Gauntlet | Found a transporter.
  9386 | Gauntlet | Noticed a shining eye
  9519 | Gauntlet | Reached skill level 13 in Axes
  9524 | Gauntlet | Noticed a shock serpent
  9524 | Gauntlet | a shock serpent changed into a torpor snail
  9536 | Gauntlet | Identified the -2 hand axe of Goseost {freeze, rC+++ rN++
                  | Dex-4 Stlth-}
  9541 | Gauntlet | HP: 5/99 [death scarab (20)]
  9544 | Gauntlet | Noticed a two-headed ogre
  9544 | Gauntlet | a torpor snail changed into a two-headed ogre
  9564 | Gauntlet | HP: 7/99 [death scarab (23)]
  9564 | Gauntlet | Demolished by a death scarab

Levels and vault maps discovered:
D:1:      saegor_arrival_simple_d, layout_basic, minmay_tetromino_t2
D:2:      layout_basic, st_stairs_13, hangedman_decor_growths,
          minmay_joined_circles
D:3:      layout_loops_ring, marbit_many_paths, minitemple,
          cheibrodos_sewer_entry_drain
D:4:      layout_basic
D:5:      minmay_spotlight, layout_loops_ring, minmay_temple_entry_sparse_star,
          enter_ossuary_4, first_ration
D:6:      layout_gridville, slow_altar_1
D:7:      layout_loops_cross, serial_undead, serial_undead_e, serial_undead_c,
          serial_undead_d, serial_undead_e, serial_undead_d, serial_undead_b,
          serial_undead_e
D:8:      layout_basic, lemuel_crystal_altar, lair_entry_dummy, uniq_maurice,
          uniq_erica
D:9:      layout_rooms, basic_altar, serial_glass, glass_columns_c,
          glass_columns_a, item_on_display_a
D:10:     minmay_inner_zag, layout_long_grid, hiddenorc1_lemuel, grunt_pizzeria,
          grunt_ministairs_13, chequers_jeans,
          minmay_guarded_unrand_staff_of_olgreb
D:11:     layout_rooms, gauntlet_entry_generic, tgw_fedhas
Temple:   nicolae_temple_god_jail
Gauntlet: gammafunk_gauntlet_branching [gammafunk_gauntlet_arena_spirals,
          nicolae_gauntlet_arena_grate_2, gammafunk_gauntlet_arena_chambers,
          gammafunk_gauntlet_arena_split_x, nicolae_gauntlet_arena_t_cross,
          minmay_gauntlet_arena_make_your_own_arena,
          gammafunk_gauntlet_arena_arrow_garden, gammafunk_gauntlet_arena_open,
          nicolae_gauntlet_exit_dead_adventurers]

Skill      XL: |  1  2  3  4  5  6  7  8  9 10 11 |
---------------+----------------------------------+-----
Maces & Flails | 3 4 5 6 7 9 10 12 | 12.3
Fighting       | 4 5 6 7 8 9 |  9.9
Invocations    | 2 4 5 6 |  6.1
Dodging        | 1 3 |  3.0
Armour         | 4 5 |  5.0
Axes           | 9 13 | 13.0
Evocations     | 2 |  2.4
Shields        | |  3.6

Action                   |  1- 3 |  4- 6 |  7- 9 | 10-12 || total
-------------------------+-------+-------+-------+-------++-------
Melee: Flail             |    65 |   172 |    21 |    12 ||   270
       Headbutt          |     8 |    26 |    95 |    60 ||   189
       Morningstar       |       |    24 |   402 |       ||   426
       Executioner's axe |       |       |       |   221 ||   221
       War axe           |       |       |       |    42 ||    42
       Dire flail        |       |       |       |    15 ||    15
 Abil: Draw Destruction  |       |       |     4 |     6 ||    10
       Draw Summoning    |       |       |       |     4 ||     4
Evoke: Wand              |       |       |     5 |     3 ||     8
  Use: Scroll            |       |    13 |     5 |     6 ||    24
       Potion            |       |     1 |     3 |     5 ||     9
 Stab: Sleeping          |       |       |     3 |       ||     3
       Distracted        |       |       |     1 |       ||     1
       Invisible         |       |       |       |     1 ||     1
  Eat: Chunk             |       |     6 |     8 |     7 ||    21
       Ration            |       |       |     1 |     2 ||     3
Armor: Scale mail        |    12 |       |       |       ||    12
       Chain mail        |    29 |    35 |       |       ||    64
       Plate armour      |       |    78 |    13 |       ||    91
       Troll leather arm |       |       |   125 |   101 ||   226
Dodge: Dodged            |    13 |    24 |   123 |   268 ||   428
Block: Shield            |    35 |    84 |   190 |    24 ||   333
